 Dungeon Crawl Stone Soup version 0.21-a0-348-ga060c75 (webtiles) character file.

1054 Hasart the Basher (level 8, -8/58 HPs)
             Began as a Mummy Fighter on Oct 6, 2017.
             Was an Initiate of Gozag.
             Mangled by an orc warrior
             ... wielding a +0 dire flail
              (12 damage)
             ... in the Ecumenical Temple.
             The game lasted 00:10:12 (5976 turns).

Hasart the Basher (Mummy Fighter)                   Turns: 5976, Time: 00:10:13

Health: -8/58      AC:  7    Str: 22    XL:     8   Next: 5%
Magic:  8/8        EV:  7    Int:  7    God:    Gozag
Gold:   173        SH:  9    Dex: 11    Spells: 7/7 levels left

rFire    . . .     SeeInvis .   a - +2 flail
rCold    . . .     Gourm    .   c - +0 shield
rNeg     + + +     Faith    .   b - +0 scale mail
rPois    ∞         Spirit   .   (no helmet)
rElec    .         Reflect  .   (no cloak)
rCorr    .         Harm     .   e - +0 pair of gloves
MR       +....                  (no boots)
Stlth    ..........             (no amulet)
HPRegen  0.19/turn              g - ring of fire
MPRegen  0.11/turn              (no ring)

@: no status effects
A: no food or potions, fire vulnerability, cold resistance 1, negative energy
resistance 3, torment resistance, unbreathing
a: Potion Petition, Call Merchant, Bribe Branch, Renounce Religion


You were in the Ecumenical Temple.
You worshipped Gozag.
Gozag was aware of your devotion.
You were not hungry.

You visited 2 branches of the dungeon, and saw 7 of its levels.

You collected 254 gold pieces.
You paid 81 gold pieces to Gozag.

Inventory:

Hand Weapons
 a - a +2 flail (weapon)
Armour
 b - a +0 scale mail (worn)
 c - a +0 shield (worn)
 e - a +0 pair of gloves (worn)
Jewellery
 g - a ring of fire (left hand)
 l - an uncursed ring of protection from magic {unknown}
Wands
 j - a wand of flame (21/48)
 m - a wand of flame (33/48)
Scrolls
 d - 4 scrolls of identify
 f - a scroll of magic mapping
 h - 2 scrolls of teleportation
 i - a scroll of immolation {unknown}
 k - a scroll of remove curse


   Skills:
 - Level 3.0 Fighting
 + Level 8.1 Maces & Flails
 - Level 2.4 Armour
 - Level 2.4 Shields


You had 7 spell levels left.
You didn't know any spells.

Dungeon Overview and Level Annotations

Branches:
Dungeon (6/15)             Temple (1/1) D:6

Altars:
Ashenzari
Cheibriados
Dithmenos
Elyvilon
Fedhas
Gozag
Hepliaklqana
Makhleb
Nemelex Xobeh
Okawaru
Qazlal
Ru
Sif Muna
Trog
Uskayaw
Vehumet
Wu Jian
Xom
Yredelemnul
Zin
The Shining One

Shops:
D:6 *

Annotations:
D:5 Hasart's ghost, novice DDFi


Innate Abilities, Weirdness & Mutations

You do not eat or drink.
Your flesh is vulnerable to fire.
You are immune to poison.
Your flesh is cold resistant. (rC+)
You are immune to negative energy. (rN+++)
You are immune to unholy pain and torment.
You can survive without breathing.


Message History

The orc warrior is lightly wounded.
The orc warrior closely misses you.
You closely miss the orc warrior.
The orc warrior is lightly wounded.
The orc warrior barely misses you.
You hit the orc warrior but do no damage.
The orc warrior is lightly wounded.
The orc warrior misses you.
You closely miss the orc warrior.
The orc warrior is lightly wounded.
The orc warrior hits you with a dire flail!
Your shield and scale mail prevent you from hitting the orc warrior.
The orc warrior is lightly wounded.
The orc warrior hits you with a dire flail!!
* * * LOW HITPOINT WARNING * * *
You hit the orc warrior.
The orc warrior is lightly wounded.
The orc warrior hits you with a dire flail!
You die...
Your body crumbles into a pile of gold.

#...............#
##..._....._...##
##....._.....## ##.........##
##.._._..## ##.....## ##._.##
########...########
#######........@........########
........_...._.o._...._........#
...._..........#.........._....#
#....._..._...###..._..._.....##
#.._........### ###........_..#
#....._...## ##..._.....##
##......### ###......## ##....##
##....## ###.## ##.###


You could see an orc warrior.

Vanquished Creatures
  A water moccasin (D:6)
  A centaur (D:5)
  3 ogres (D:4)
  A phantom (D:4)
  A bullfrog (D:6)
  A scorpion (D:4)
  A bullfrog zombie (D:3)
  A jelly (D:4)
  4 orc priests
  5 worker ants
  4 adders
  An ooze (D:3)
  A dart slug (D:2)
  3 leopard geckos
  8 orcs
  6 bats
  4 giant cockroaches
  8 goblins
  10 hobgoblins
  6 jackals
  4 quokkas
  3 ball pythons
  4 frilled lizards
  6 kobolds
  A leopard gecko skeleton (D:5)
  5 rats
93 creatures vanquished.

Notes
Turn   | Place    | Note
-------+----------+-------------------------------------------
     0 | D:1      | Hasart the Mummy Fighter began the quest for the Orb.
     0 | D:1      | Reached XP level 1. HP: 18/18 MP: 1/1
    84 | D:1      | Reached skill level 2 in Maces & Flails
   207 | D:1      | Reached XP level 2. HP: 22/24 MP: 2/2
  1110 | D:2      | Reached skill level 3 in Maces & Flails
  1110 | D:2      | Reached XP level 3. HP: 19/29 MP: 3/3
  2298 | D:2      | Reached XP level 4. HP: 30/35 MP: 4/4
  2554 | D:3      | Reached skill level 4 in Maces & Flails
  3147 | D:3      | Reached XP level 5. HP: 41/41 MP: 5/5
  3394 | D:4      | Noticed an ogre
  3400 | D:4      | Killed an ogre
  3400 | D:4      | Reached skill level 5 in Maces & Flails
  3610 | D:4      | Noticed an ogre
  3617 | D:4      | Killed an ogre
  3617 | D:4      | Reached XP level 6. HP: 22/47 MP: 6/6
  3822 | D:4      | Reached skill level 6 in Maces & Flails
  4013 | D:4      | Reached XP level 7. HP: 20/52 MP: 7/7
  4545 | D:4      | Reached skill level 7 in Maces & Flails
  4826 | D:5      | Entered Level 5 of the Dungeon
  5374 | D:5      | Noticed Hasart's ghost (novice DDFi)
  5610 | D:5      | Noticed a two-headed ogre
  5738 | D:6      | Found a staircase to the Ecumenical Temple.
  5750 | Temple   | Entered the Ecumenical Temple
  5810 | Temple   | Became a worshipper of Gozag Ym Sagoz the Greedy
  5830 | D:6      | Reached skill level 8 in Maces & Flails
  5830 | D:6      | Reached XP level 8. HP: 56/58 MP: 8/8
  5872 | D:6      | Found Venaphuz's Assorted Antiques.
  5976 | Temple   | Mangled by an orc warrior

Vault maps used:
D:1:      saegor_arrival_under_anarchy
D:2:      minmay_misc_feat_iff, hex_intersection
D:3:      first_bread, serial_bayou, serial_bayou_lagoon_b, serial_bayou_lake_a,
          serial_bayou_ford_a, serial_bayou_pond_e, minmay_ruptured
D:4:      minmay_wonky_spiral
D:6:      minmay_temple_entry_large_hall, serial_shops, shop
Temple:   dpeg_three_leaves_temple

Skill      XL: |  1  2  3  4  5  6  7 |
---------------+----------------------+-----
Maces & Flails | 2 3 4 5 6 8 |  8.1
Fighting       | |  3.0
Armour         | |  2.4
Shields        | |  2.4

Action                   |  1- 3 |  4- 6 |  7- 9 || total
-------------------------+-------+-------+-------++-------
Melee: Flail             |   194 |   108 |   116 ||   418
Invok: Potion Petition   |       |       |     1 ||     1
Evoke: Wand              |       |       |     3 ||     3
  Use: Scroll            |       |     6 |     3 ||     9
Armor: Scale mail        |    91 |    48 |    27 ||   166
Dodge: Dodged            |    70 |    40 |    48 ||   158
Block: Shield            |    93 |    54 |    69 ||   216

Table legend:
 A = Spawn XP
 B = Non-spawn XP
 C = Spawn XP percentage of total XP
 D = Spawn monster count
 E = Non-spawn monster count
 F = Spawn count percentage of total count
 G = Total turns spent on level
                    A         B        C        D         E        F      G
               +---------+---------+-------+---------+---------+-------+---------
         Total |       0 |    1507 |   0.0 |       0 |      93 |   0.0 |  5976
               +---------+---------+-------+---------+---------+-------+---------
           D:1 |       0 |      44 |   0.0 |       0 |      27 |   0.0 |  1427
           D:2 |       0 |      57 |   0.0 |       0 |      18 |   0.0 |  1001
           D:3 |       0 |     107 |   0.0 |       0 |      15 |   0.0 |  1198
           D:4 |       0 |     815 |   0.0 |       0 |      15 |   0.0 |  1614
           D:5 |       0 |     179 |   0.0 |       0 |      12 |   0.0 |   383
           D:6 |       0 |     305 |   0.0 |       0 |       6 |   0.0 |   274
               +---------+---------+-------+---------+---------+-------+---------
